cohdb
Replays
Latest Replays
All Replays
Popular Replays
Top Player Replays
Match Explorer
How It Works
Community
CoH3 Stats
Reddit
Sign in to upload your games and track your stats! →
Sign in with Steam
Match 41533450
Unlisted
Match 41533450
Overview
Messages
Build Orders
End
Kradschützen Motorcycle Team
Panzergrenadier Squad
Panzergrenadier Squad
Construct Light Support Kompanie
MG34 Team
Fire Support Elements
Panzerjäger Mechanized Group
Flakvierling Half-track
2.5-tonne Medical Truck
Panzergrenadier Squad
Veteran Squad Leaders
Pak 38 Anti-tank Gun Team
Construct Panzerarmee Kommand
Panzer III L Medium Tank
Selects Panzerjäger Kommand Battlegroup
Selects Tank Busters
Assault Grenadier Squad
Selects Mine Fields
Selects Defensive Positions
Selects Butterfly Bomb Drop
Selects Crew Shock Tactics
Selects Elefant Tank Destroyer
Elefant Tank Destroyer
Grand.G
smelly cavalryman
0
0
Comments
sign in to comment!
No comments posted yet!